 Dungeon Crawl Stone Soup version 0.21.1-1-g345015fe64 (webtiles) character file.

86 Naru the Caller (level 4, -10/31 HPs)
             Began as a Merfolk Summoner on June 12, 2018.
             Mangled by Sigmund
             ... wielding a +0 scythe
              (13 damage)
             ... on level 3 of the Dungeon.
             The game lasted 00:11:46 (3901 turns).

Naru the Caller (Merfolk Summoner)                  Turns: 3901, Time: 00:11:47

Health: -10/31     AC:  2    Str:  8    XL:     4   Next: 49%
Magic:  8/8        EV: 13    Int: 15    God:
Gold:   154        SH:  0    Dex: 14    Spells: 3/9 levels left

rFire    . . .     SeeInvis .   e - +0 short sword
rCold    . . .     Gourm    .   (no shield)
rNeg     . . .     Faith    .   r - +0 robe (curse)
rPois    .         Spirit   .   (no helmet)
rElec    .         Reflect  .   (no cloak)
rCorr    .         Harm     .   (no gloves)
MR       .....                  (no boots)
Stlth    ++........             (no amulet)
HPRegen  0.10/turn              (no ring)
MPRegen  0.11/turn              (no ring)

@: starving
A: change form in water, swift swim, stealthy swim
a: no special abilities


You were on level 3 of the Dungeon.
You were starving.

You visited 1 branch of the dungeon, and saw 3 of its levels.

You collected 154 gold pieces.

Inventory:

Hand Weapons
 e - a +0 short sword (weapon)
Missiles
 q - 45 arrows
Armour
 a - a +0 robe
 r - a cursed +0 robe (worn)
Jewellery
 h - a cursed amulet of inaccuracy {unknown}
 o - a cursed amulet of inaccuracy {unknown}
Wands
 u - a wand of random effects (11)
Scrolls
 c - 6 scrolls of amnesia {unknown}
 k - 3 scrolls of remove curse {unknown}
 l - a scroll of fog {unknown}
 m - 4 scrolls of identify {unknown}
 p - a scroll of random uselessness {unknown}
Potions
 d - a potion of degeneration {unknown}
 f - a potion of ambrosia
 g - 2 potions of haste {unknown}
 i - a potion of berserk rage {unknown}
 j - a potion of heal wounds {unknown}
 n - a potion of curing {unknown}
 s - a potion of agility {unknown}
Books
 b - a book of Callings

   Spells                             Type                      Level
   a - Summon Small Mammal            Summoning                    1
   b - Call Imp                       Summoning                    2
   c - Call Canine Familiar           Summoning                    3
   d - Summon Guardian Golem          Hexes/Summoning              3
   e - Summon Lightning Spire         Summoning/Air                4
   f - Summon Ice Beast               Ice/Summoning                4


   Skills:
 * Level 0.8 Fighting
 + Level 0.8 Short Blades
 + Level 3.0 Dodging
 - Level 2.1 Stealth
 * Level 3.1 Spellcasting
 * Level 4.8 Summonings


You had 3 spell levels left.
You knew the following spells:

 Your Spells              Type           Power        Failure   Level  Hunger
a - Summon Small Mammal   Summ           ###.         2%          1    #......
b - Call Canine Familiar  Summ           ###.....     9%          3    ###....
c - Call Imp              Summ           ###.....     4%          2    ##.....


Dungeon Overview and Level Annotations

Branches:
Dungeon (3/15)

Altars:
Sif Muna
Xom
Zin

Annotations:
D:3 Sigmund


Message History

The magic dart hits you!
* * * LOW HITPOINT WARNING * * *
A magic dart appears from out of thin air!
The magic dart hits you!
* * * LOW HITPOINT WARNING * * *
You are confused.
You bump into the rock wall.
You feel less confused.
You hear some strange, mumbled words.
You are confused.
Something hits you.
* * * LOW HITPOINT WARNING * * *
Something barely misses you.
You bump into the rock wall.
Something barely misses you.
You're too confused to move!
You feel less confused.
Sigmund appears from thin air!
Reactivating autopickup.
Sigmund hits you from afar with a scythe!
You die...

####..### ##
######......# #
#...........## #
#......(.....######
#..................
#..........##.#####
#.@........##..#
#..#####.#####.#
#.@# #.# #.# ##.#
#.# #.# #.# ##.##
#.# #.####...####.#
#......_......#
######...####.#
##.## #.# #.# #.#
#.# #.#


You could see Sigmund.

Vanquished Creatures
  An adder (D:3)
  A leopard gecko (D:3)
  A ball python (D:2)
  A giant cockroach (D:2)
  2 hobgoblins
  7 bats
  A frilled lizard (D:1)
  A rat (D:2)
15 creatures vanquished.

Vanquished Creatures (collateral kills)
  Natasha (twice) (D:3)
  2 adders
  An ooze (D:2)
  An orc (D:3)
  4 bats
  A giant cockroach (D:3)
  3 hobgoblins
  5 kobolds
  A quokka (D:2)
  2 frilled lizards
  3 goblins (D:1)
  2 rats
27 creatures vanquished.

Grand Total: 42 creatures vanquished

Notes
Turn   | Place    | Note
-------+----------+-------------------------------------------
     0 | D:1      | Naru the Merfolk Summoner began the quest for the Orb.
     0 | D:1      | Reached XP level 1. HP: 13/13 MP: 3/3
   758 | D:1      | Reached XP level 2. HP: 10/19 MP: 3/5
  1411 | D:2      | Found a shimmering altar of Xom.
  1853 | D:2      | Reached XP level 3. HP: 20/25 MP: 2/6
  2525 | D:3      | Found a glowing silver altar of Zin.
  2806 | D:3      | Found a deep blue altar of Sif Muna.
  2819 | D:3      | Noticed Natasha
  2837 | D:3      | Killed Natasha
  2837 | D:3      | Reached XP level 4. HP: 17/31 MP: 2/8
  3016 | D:3      | Noticed Natasha
  3149 | D:3      | Killed Natasha
  3352 | D:3      | Learned a level 3 spell: Call Canine Familiar
  3371 | D:3      | Noticed Sigmund
  3592 | D:3      | Learned a level 2 spell: Call Imp
  3692 | D:3      | HP: 1/31 [something (8)]
  3901 | D:3      | Mangled by Sigmund

Skill      XL: |  1  2  3  4 |
---------------+-------------+-----
Dodging        | 3 |  3.0
Spellcasting   | 3 |  3.1
Fighting       | |  0.8
Short Blades   | |  0.8
Stealth        | |  2.1
Summonings     | |  4.8

Action                   |  1- 3 |  4- 6 || total
-------------------------+-------+-------++-------
Melee: Unarmed           |    17 |       ||    17
       Short sword       |    80 |    18 ||    98
 Cast: Summon Small Mamm |    70 |    13 ||    83
       Call Imp          |       |     7 ||     7
       Call Canine Famil |       |     7 ||     7
  Use: Potion            |       |     1 ||     1
 Stab: Sleeping          |       |     1 ||     1
  Eat: Ration            |     1 |       ||     1
       Chunk             |     4 |     2 ||     6
Armor: Robe              |    32 |     2 ||    34
Dodge: Dodged            |   135 |    33 ||   168
